 Dungeon Crawl Stone Soup version 0.19.1-1-g22dce08 (webtiles) character file.

583 Jynx the Firebug (level 7, -2/36 HPs)
             Began as a Tengu Fire Elementalist on Jan 15, 2017.
             Slain by Schimscham's ghost (13 damage)
             ... on level 4 of the Dungeon on Jan 16, 2017.
             The game lasted 00:09:33 (5372 turns).

Jynx the Firebug (Tengu Fire Elementalist)          Turns: 5372, Time: 00:09:34

Health: -2/36      AC:  3    Str:  8    XL:     7   Next: 37%
Magic:  9/13       EV: 13    Int: 17    God:
Gold:   188        SH:  0    Dex: 15    Spells: 3 memorised, 5 levels left

rFire  . . .     SeeInvis .     e - +0 short sword
rCold  . . .     Gourm    .     a - +0 robe
rNeg   . . .     Faith    .     (no shield)
rPois  .         Spirit   .     (helmet restricted)
rElec  .         Reflect  .     h - +0 cloak
rCorr  .         Harm     .     (no gloves)
MR     .....                    (boots unavailable)
Stlth  +.........               (no amulet)
                                (no ring)
                                (no ring)

@: confused
A: beak, talons 3, able to fly 1
a: Fly


You were on level 4 of the Dungeon.
You were not hungry.

You visited 1 branch of the dungeon, and saw 4 of its levels.

You collected 188 gold pieces.

Inventory:

Hand Weapons
 e - a +0 short sword (weapon)
Armour
 a - a +0 robe (worn)
 h - a +0 cloak (worn)
Jewellery
 t - an uncursed amulet of regeneration {unknown}
Scrolls
 f - a scroll of remove curse
 k - a scroll of teleportation
 n - 3 scrolls of amnesia
 s - 2 scrolls of enchant armour {unknown}
Potions
 d - a potion of brilliance
 i - 2 potions of mutation
 j - a potion of cancellation
 l - 2 potions of invisibility {unknown}
 m - a potion of agility {unknown}
 o - a potion of lignification {unknown}
 p - a potion of curing {unknown}
 q - a potion of resistance {unknown}
 u - a potion of heal wounds {unknown}
Books
 b - a book of Flames

   Spells                             Type                      Level
   a - Flame Tongue                   Conjuration/Fire             1
   b - Throw Flame                    Conjuration/Fire             2
   c - Conjure Flame                  Conjuration/Fire             3
   d - Inner Flame                    Hexes/Fire                   3
   e - Sticky Flame                   Conjuration/Fire             4
   f - Fireball                       Conjuration/Fire             5
Comestibles
 c - 5 bread rations


   Skills:
 - Level 2.1 Dodging
 - Level 2.0 Stealth
 + Level 3.9 Spellcasting
 + Level 5.1 Conjurations
 * Level 6.8 Fire Magic


You had 5 spell levels left.
You knew the following spells:

 Your Spells              Type           Power        Failure   Level  Hunger
a - Flame Tongue          Conj/Fire      ###..        1%          1    None
b - Conjure Flame         Conj/Fire      ###.....     6%          3    ###....
c - Sticky Flame          Conj/Fire      ###.....     17%         4    ####...


Dungeon Overview and Level Annotations

Branches:
Dungeon (4/15)
 Temple: D:4-7

Altars:

Annotations:
D:4 Schimscham's ghost, novice NaWz


Innate Abilities, Weirdness & Mutations

You have a beak for a mouth.
You have claws for feet.
You can fly.


Message History

Press: ? - help, Shift-Dir - straight line, f/p - Schimscham's ghost
Aim: Schimscham's ghost (lightly damaged)
The flame tongue hits Schimscham's ghost.
Schimscham's ghost appears unharmed.
Schimscham's ghost is lightly damaged.
Schimscham's ghost casts a spell at you.
The ball explodes into a vile cloud!
The stinking cloud engulfs you!
The stinking cloud engulfs Schimscham's ghost.
Schimscham's ghost appears unharmed.
You are engulfed in noxious fumes.
You choke on the stench!
You are confused.
There is an escape hatch in the ceiling here.
You bump into the rock wall.
You are engulfed in noxious fumes.
You choke on the stench!
You are more confused.
You bump into the rock wall.
You are engulfed in noxious fumes.
You choke on the stench!
You are more confused.
Schimscham's ghost hits you!
You die...

##.. #####.........# #.†.#.##
#..#>######.###.###.######.###.#
.....o.......##...#..)<[...# #.#
#...s.......####...#####..###.#
.....(.................#....##.#
.............########..........##
#....#####............(..........
####.........#####...........####
#.........†§W@...###.######
##........#§§###.# #.#
...............#.# ...
##......##.#.#.#.....
#..##......##.#.........#
...........##.. .##.....#
..#........####### ##...#####
##..


You could see Schimscham's ghost.

Vanquished Creatures
  An ogre (D:4)
  A howler monkey (D:4)
  A hound (D:4)
  4 orc priests
  An iguana (D:3)
  3 orc wizards
  2 worker ants (D:4)
  A hound skeleton (D:4)
  3 adders
  A dart slug (D:1)
  3 worms
  12 orcs
  3 ball pythons
  5 giant cockroaches
  17 goblins
  8 hobgoblins
  13 kobolds
  4 quokkas
  5 bats
  6 frilled lizards
  A leopard gecko skeleton (D:4)
  8 rats
103 creatures vanquished.

Notes
Turn   | Place    | Note
-------+----------+-------------------------------------------
     0 | D:1      | Jynx the Tengu Fire Elementalist began the quest for the Orb.
     0 | D:1      | Reached XP level 1. HP: 10/10 MP: 4/4
   250 | D:1      | Reached XP level 2. HP: 15/15 MP: 0/6
   963 | D:1      | Reached XP level 3. HP: 19/19 MP: 4/7
  1044 | D:1      | Reached skill level 4 in Fire Magic
  1176 | D:1      | Learned a level 3 spell: Conjure Flame
  2475 | D:3      | Reached XP level 4. HP: 11/24 MP: 4/9
  3326 | D:3      | Gained mutation: You can fly. [Tengu growth]
  3326 | D:3      | Reached XP level 5. HP: 14/28 MP: 4/10
  3460 | D:3      | Learned a level 4 spell: Sticky Flame
  3510 | D:3      | Reached skill level 5 in Fire Magic
  3830 | D:3      | Reached XP level 6. HP: 31/32 MP: 8/12
  4692 | D:4      | Reached skill level 6 in Fire Magic
  4725 | D:4      | Reached XP level 7. HP: 12/36 MP: 2/13
  5259 | D:4      | Reached skill level 5 in Conjurations
  5355 | D:4      | Noticed Schimscham's ghost (novice NaWz)
  5372 | D:4      | Slain by Schimscham's ghost

Skill      XL: |  1  2  3  4  5  6  7 |
---------------+----------------------+-----
Conjurations   | 2 3 4 5 |  5.1
Fire Magic     | 4 5 6 |  6.8
Spellcasting   | 3 |  3.9
Dodging        | |  2.1
Stealth        | |  2.0

Action                   |  1- 3 |  4- 6 |  7- 9 || total
-------------------------+-------+-------+-------++-------
Melee: Unarmed           |     4 |       |       ||     4
       Kick              |     1 |       |     2 ||     3
       Short sword       |     4 |     8 |     6 ||    18
       Peck              |     1 |       |     2 ||     3
 Cast: Flame Tongue      |    71 |   112 |    28 ||   211
       Conjure Flame     |       |     2 |       ||     2
       Sticky Flame      |       |       |     3 ||     3
  Use: Scroll            |     9 |       |       ||     9
  Eat: Chunk             |     5 |     7 |     2 ||    14
       Pizza             |       |       |     1 ||     1
Armor: Robe              |     5 |     2 |     5 ||    12
Dodge: Dodged            |    27 |    48 |    15 ||    90
